 Dungeon Crawl Stone Soup version 0.19.0-19-g8c6edcc (webtiles) character file.

197372 Haldmier the Nimble (level 17, -6/117 HPs)
             Began as a High Elf Skald on Nov 14, 2016.
             Was the Champion of Ashenzari.
             Killed from afar by a deep elf death mage (20 damage)
             ... with a bolt of negative energy
             ... led by a deep elf high priest
             ... on level 1 of the Elven Halls on Nov 15, 2016.
             The game lasted 04:27:31 (30027 turns).

Haldmier the Nimble (High Elf Skald)               Turns: 30027, Time: 04:27:33

Health: -6/117     AC: 27    Str: 16    XL:     17   Next: 77%
Magic:  25/28      EV: 14    Int: 22    God:    Ashenzari [******]
Gold:   600        SH: 13    Dex: 18    Spells: 9 memorised, 6 levels left

rFire  + . .     SeeInvis +     o - +9 double sword (freeze) (curse)
rCold  . . .     Gourm    .     Y - +2 chain mail {rF+}
rNeg   + . .     Faith    .     a - +0 shield {AC+3} (curse)
rPois  +         Spirit   .     c - +0 helmet
rElec  .         Reflect  .     s - +2 cloak {rPois} (curse)
rCorr  .         Harm     .     R - +2 pair of gloves {Dex+3} (curse)
MR     +++..     Clarity  +     M - +0 pair of boots
Stlth  ..........               x - amulet of magic regeneration (curse)
                                X - ring of the Mage {Wiz MR++ Int+3} (curse)
                                q - ring of positive energy

@: shrouded, repel missiles, heavily drained
A: no striking features
a: Curse Item, Scrying, Transfer Knowledge, Renounce Religion
}: 1/15 runes: serpentine


You were on level 1 of the Elven Halls.
You worshipped Ashenzari.
Ashenzari was exalted by your worship.
You were hungry.

You visited 6 branches of the dungeon, and saw 30 of its levels.
You also visited: Labyrinth and Ossuary.

You collected 2764 gold pieces.
You spent 2164 gold pieces at shops.

Inventory:

Hand Weapons
 o - a cursed +9 double sword of freezing (weapon)
Missiles
 h - 31 javelins (quivered)
 A - 2 throwing nets
Armour
 a - a cursed +0 shield of protection (worn)
 c - a +0 helmet (worn)
 s - a cursed +2 cloak of poison resistance (worn)
 H - the +5 chain mail of the Many Deaths {MR- Str+6 Slay+4}
   (You found it on level 13 of the Dungeon)

   It affects your strength (+6).
   It affects your accuracy and damage with ranged weapons and melee attacks
   (+4).
   It affects your resistance to hostile enchantments.
 I - the cursed +0 cloak of the Thirteen Nights {rC+ rCorr Int+4 Slay-6}
   (You acquired it on level 2 of the Orcish Mines)

   It affects your intelligence (+4).
   It affects your accuracy and damage with ranged weapons and melee attacks
   (-6).
   It protects you from cold.
   It protects you from acid and corrosion.
   It has a curse placed upon it.
 K - a +1 shield of fire resistance
 M - a +0 pair of boots (worn)
 R - a cursed +2 pair of gloves of dexterity (worn)
 Y - a +2 chain mail of fire resistance (worn)
Jewellery
 q - a ring of positive energy (left hand)
 x - a cursed amulet of magic regeneration (around neck)
 N - an uncursed ring of poison resistance
 U - an uncursed ring of protection from cold
 X - the cursed ring of the Mage (right hand) {Wiz MR++ Int+3}
   (You bought it in a shop on level 2 of the Orcish Mines)

   [ring of wizardry]

   It improves your spell success rate.
   It affects your intelligence (+3).
   It affects your resistance to hostile enchantments.
   It has a curse placed upon it.
Wands
 e - a wand of acid (12/15)
 z - a wand of iceblast (11/15)
 P - a wand of polymorph (13/24)
 T - a wand of digging (20/24)
Scrolls
 g - 8 scrolls of teleportation
 l - 2 scrolls of magic mapping
 m - 7 scrolls of identify
 t - a scroll of enchant armour
 u - 2 scrolls of fear
 v - 2 scrolls of amnesia
 w - 9 scrolls of remove curse
 y - 4 scrolls of fog
 Q - 2 scrolls of blinking
Potions
 b - 5 potions of resistance
 i - a potion of invisibility
 j - 5 potions of haste
 p - 5 potions of magic
 r - 8 potions of flight
 B - 3 potions of might
 C - a potion of berserk rage
 D - 4 potions of curing
 G - 4 potions of agility
 W - a potion of brilliance
Books
 E - a book of Flames

   Spells                             Type                      Level
   a - Flame Tongue                   Conjuration/Fire             1
   b - Throw Flame                    Conjuration/Fire             2
   c - Conjure Flame                  Conjuration/Fire             3
   d - Inner Flame                    Hexes/Fire                   3
   e - Sticky Flame                   Conjuration/Fire             4
   f - Fireball                       Conjuration/Fire             5
 F - the Disquisition on Venom and Protection
   (You found it on level 3 of the Snake Pit)

   Spells                             Type                      Level
   a - Shroud of Golubria             Charms/Translocation         2
   b - Swiftness                      Charms/Air                   2
   c - Spider Form                    Transmutation/Poison         3
   d - Deflect Missiles               Charms/Air                   6
 O - a book of the Dragon

   Spells                             Type                      Level
   a - Flame Tongue                   Conjuration/Fire             1
   b - Cause Fear                     Hexes                        4
   c - Bolt of Fire                   Conjuration/Fire             6
   d - Dragon Form                    Transmutation                7
   e - Dragon's Call                  Summoning                    9
Comestibles
 d - 16 bread rations
 f - 4 beef jerkies
 k - 5 royal jellies
 n - 22 fruits
 J - 7 chunks of flesh
 L - 14 meat rations


   Skills:
 + Level 11.1(9.4) Fighting
 - Level 12.0(14.3) Long Blades
 + Level 12.7(11.0) Armour
 + Level 14.7(12.9) Dodging
 - Level 2.4(1.1) Stealth
 - Level 12.7(13.5) Shields
 - Level 7.0(5.5) Spellcasting
 - Level 10.0(11.1) Conjurations
 + Level 5.5(7.0) Hexes
 - Level 10.0(11.1) Charms
 + Level 4.6(6.0) Necromancy
 - Level 3.2(4.4) Translocations
 - Level 10.0(11.1) Air Magic


You had 6 spell levels left.
You knew the following spells:

 Your Spells              Type           Power        Failure   Level  Hunger
a - Infusion              Chrm           ####         1%          1    None
b - Shroud of Golubria    Chrm/Tloc      #####.....   4%          2    None
c - Spectral Weapon       Hex/Chrm       #####...     4%          3    ##.....
d - Regeneration          Chrm/Necr      #####.....   6%          3    ##.....
e - Swiftness             Chrm/Air       ######..     1%          2    None
f - Repel Missiles        Chrm/Air       ######       1%          2    None
g - Shock                 Conj/Air       ####         1%          1    None
h - Lightning Bolt        Conj/Air       ######....   14%         5    #####..
i - Silence               Hex/Air        #####.....   52%         5    #####..


Dungeon Overview and Level Annotations

Branches:
Dungeon (15/15)            Temple (1/1) D:6            Lair (6/6) D:8
  Swamp (0/4) Lair:2        Snake (4/4) Lair:4        Slime (0/5) Lair:5
    Orc (2/2) D:12            Elf (2/3) Orc:2        Vaults (0/5) D:14
 Depths (0/5) D:15

Altars:
Ashenzari
Cheibriados
Dithmenos
Elyvilon
Fedhas
Gozag
Hepliaklqana
Kikubaaqudgha
Makhleb
Nemelex Xobeh
Okawaru
Qazlal
Ru
Sif Muna
Trog
Uskayaw
Vehumet
Xom
Yredelemnul
Zin
The Shining One
Jiyva

Shops:
Orc:1 %   Orc:2 ?=%%

Annotations:
Lair:5 Rupert


Message History

Magic restored.
The deep elf archer shoots an arrow.
You block the arrow.
You block the deep elf death mage's attack.
The deep elf death mage hits you but does no damage.
You climb upwards.
You are feeling hungry.
There is a stone staircase leading down here.
Casting: Spectral Weapon
Confirm with . or Enter, or press ? or * to list all spells.
You draw out your weapon's spirit!
The deep elf death mage hits you but does no damage.
The deep elf death mage casts a spell at you.
The bolt of negative energy hits you! You partially resist.
You feel drained.
* * * LOW HITPOINT WARNING * * *
You feel much better.
The deep elf death mage casts a spell at you.
The bolt of negative energy hits you! You partially resist.
You feel drained.
* * * LOW HITPOINT WARNING * * *
The deep elf death mage gestures at you while chanting.
The bolt of negative energy hits you! You partially resist.
You feel drained.
You die...

#.#.# ##.## #.# ##.##
#.# #.).# ##.###.#
##.## #.# ####'####
##.##'####.## #.#
#...)...# ##'...##.##
##'# #.......#
##.....'## ##...
#...♣...####.......##
##....
#..♣.♣..'.'.....)...#
#.....
#...♣...###.e(......#
#..... #....^..#
#..@......# #.....
#.......# ##e......##
##')... ####'####
##'.....## ##.##...
#.# ##.##...##
##.#####+ #.#
##.####'## ##.## #.
#.# ##.## #(# ##.##
#. ###'###.##
##'####.## #.
##.....'## ##...##.##
#. ##.......##
##..)).'## #'


You could see 2 deep elf death magi and a friendly spectral double sword of
freezing.

Vanquished Creatures
  Gastronok (Lair:1)
  11 nagarajas
  Aizul (Snake:4)
  Nessos (D:13)
  A deep elf death mage (Elf:1)
  Snorg (Lair:3)
  A minotaur (Lab)
  A fire dragon (Lair:6)
  2 deep elf high priests
  Josephine (Orc:1)
  9 hydras
  8 vault guards (D:14)
  21 anacondas
  12 naga warriors
  A catoblepas (Lair:6)
  A death knight (D:13)
  A tengu warrior (D:15)
  A centaur warrior (D:15)
  6 death yaks (Lair:6)
  4 dancing weapons (Elf:1)
  10 naga sharpshooters
  4 orc high priests (Orc:2)
  2 deep elf knights (Elf:1)
  The ghost of Nordron the Transmogrifier, a novice OpTm of Cheibriados (D:8)
  Urug (D:11)
  8 shock serpents
  Sonja (Lair:1)
  A salamander mystic (Snake:4)
  5 skeletal warriors (D:15)
  8 naga ritualists
  6 deep elf archers
  5 hill giants
  3 orc knights
  A phantasmal warrior (D:13)
  Pikel (D:4)
  The ghost of Chiseanne the Skirmisher, a novice DsWn of Sif Muna (D:7)
  A harpy (shapeshifter) (D:15)
  An oklob plant (Lair:4)
  6 mana vipers
  22 deep elf magi
  3 cyclopes
  4 orc sorcerers
  3 manticores
  3 salamanders
  4 ugly things (D:14)
  11 elephants
  13 naga magi
  37 black mambas
  Joseph (Lair:1)
  Psyche (D:9)
  16 guardian serpents
  2 gargoyles
  A centaur skeleton (D:14)
  13 spiny frogs
  3 freezing wraiths
  3 rime drakes (Lair:6)
  An efreet (D:13)
  7 komodo dragons
  10 trolls
  3 polar bears (Lair:5)
  2 tyrant leeches (Lair:2)
  A blink frog (shapeshifter) (D:14)
  Prince Ribbit (D:5)
  4 two-headed ogres
  11 hippogriffs
  21 blink frogs
  A slime creature (shapeshifter) (D:15)
  A hippogriff (shapeshifter) (D:15)
  2 dream sheep (Lair:6)
  A spriggan (D:8)
  An air elemental (Elf:1)
  6 wraiths
  28 yaks
  5 wyverns
  A vampire (D:12)
  8 basilisks
  Grum (D:10)
  A fire elemental (Elf:1)
  3 steam dragons
  2 vampire mosquitoes (D:12)
  3 wargs
  3 hungry ghosts
  Menkaure (Ossuary)
  2 mottled dragons (Lair:6)
  45 nagas
  2 soldier ants
  A swamp worm (Lair:2)
  17 water moccasins
  9 porcupines
  2 swamp drakes (Lair:6)
  2 black bears (D:10)
  21 orc warriors
  4 ice beasts
  7 sky beasts
  2 phantoms
  2 eyes of draining
  5 boggarts
  15 ogres
  11 wolves
  23 centaurs
  14 crocodiles
  2 big kobolds
  Blork the orc (D:5)
  2 wyvern zombies
  16 bullfrogs
  An earth elemental (Elf:1)
  A wyvern skeleton (D:11)
  2 scorpions
  18 wights
  5 howler monkeys
  An electric eel (Lair:5)
  6 lava snakes (Snake:4)
  5 crimson imps
  2 bullfrog zombies
  24 orc priests
  4 hounds
  4 centaur zombies
  3 jellies
  2 bullfrog skeletons
  23 orc wizards
  6 iguanas
  10 worker ants
  A hound skeleton (D:4)
  3 mummies (Ossuary)
  A howler monkey zombie (D:4)
  3 worker ant zombies
  5 gnolls
  12 adders
  A river rat (Lair:6)
  2 shadow imps
  2 oozes
  2 adder skeletons
  A worm (D:4)
  2 dart slugs (D:2)
  4 leopard geckos
  56 orcs
  5 ball pythons
  7 bats
  A bat zombie (D:6)
  4 giant cockroaches
  12 goblins
  7 hobgoblins
  7 jackals
  16 kobolds
  2 quokkas
  6 frilled lizards
  5 gnoll skeletons (Ossuary)
  3 gnoll zombies (Ossuary)
  4 goblin skeletons (Ossuary)
  3 goblin zombies (Ossuary)
  A hobgoblin skeleton (Ossuary)
  2 hobgoblin zombies (Ossuary)
  A kobold skeleton (Ossuary)
  5 kobold zombies (Ossuary)
  A leopard gecko skeleton (D:6)
  3 orc skeletons (Ossuary)
  3 orc zombies (Ossuary)
  A quokka skeleton (D:6)
  6 rats
  2 rat skeletons (Ossuary)
  8 rat zombies
  A fungus (Lair:6)
  A plant (Lair:4)
954 creatures vanquished.

Vanquished Creatures (others)
  A deep elf knight (Elf:2)
  A naga (Snake:4)
  2 slaves (D:5)
  A centaur (D:13)
  A hound (D:5)
  A bullfrog skeleton (D:5)
  An iguana (Lair:6)
  An adder zombie (D:5)
  A gnoll skeleton (Ossuary)
  A goblin zombie (Ossuary)
  3 hobgoblin skeletons (Ossuary)
  A kobold skeleton (Ossuary)
  A kobold zombie (Ossuary)
  2 orc skeletons (Ossuary)
  2 orc zombies (Ossuary)
  2 rat skeletons (Ossuary)
  2 fungi
  4 plants
  38 spectral weapons
66 creatures vanquished.

Grand Total: 1020 creatures vanquished

Notes
Turn   | Place    | Note
-------+----------+-------------------------------------------
     0 | D:1      | Haldmier the High Elf Skald began the quest for the Orb.
     0 | D:1      | Reached XP level 1. HP: 14/14 MP: 4/4
   301 | D:1      | Reached XP level 2. HP: 12/19 MP: 1/6
   508 | D:1      | Learned a level 2 spell: Shroud of Golubria
   873 | D:1      | Reached XP level 3. HP: 24/24 MP: 5/8
  1250 | D:2      | Reached skill level 1 in Translocations
  1665 | D:2      | Reached XP level 4. HP: 27/29 MP: 9/9
  1828 | D:2      | Learned a level 3 spell: Spectral Weapon
  2268 | D:3      | Reached skill level 1 in Hexes
  2369 | D:3      | Found a sparkling altar of Nemelex Xobeh.
  2384 | D:3      | Reached XP level 5. HP: 34/34 MP: 7/10
  2392 | D:3      | Learned a level 3 spell: Regeneration
  2930 | D:4      | Found a shattered altar of Ashenzari.
  2939 | D:4      | Became a worshipper of Ashenzari the Shackled
  2955 | D:4      | Noticed an ogre
  3156 | D:4      | Reached skill level 5 in Long Blades
  3156 | D:4      | Reached skill level 1 in Necromancy
  3161 | D:4      | Found a glowing golden altar of the Shining One.
  3199 | D:4      | Reached XP level 6. HP: 38/39 MP: 4/11
  3438 | D:4      | Found a faded altar of an unknown god.
  3438 | D:4      | Found a hide-covered altar of Uskayaw.
  3476 | D:4      | Found a deep blue altar of Sif Muna.
  3478 | D:4      | Found a faded altar of an unknown god.
  3479 | D:4      | Found a sacrificial altar of Ru.
  3594 | D:5      | Entered Level 5 of the Dungeon
  3594 | D:5      | Noticed Pikel
  3594 | D:5      | Noticed a slave
  3596 | D:5      | Noticed a slave
  3596 | D:5      | Noticed a slave
  3596 | D:5      | Noticed a slave
  3643 | D:4      | Killed Pikel
  3643 | D:4      | Reached skill level 2 in Dodging
  3643 | D:4      | Reached skill level 1 in Stealth
  3643 | D:4      | Reached skill level 5 in Charms
  3643 | D:4      | Reached XP level 7. HP: 25/45 MP: 7/12
  3679 | D:5      | Noticed Prince Ribbit
  3939 | D:5      | Reached XP level 8. HP: 50/50 MP: 6/13
  4076 | D:5      | Noticed Blork the orc
  4196 | D:5      | Killed Prince Ribbit
  4196 | D:5      | Reached skill level 3 in Dodging
  4310 | D:5      | Killed Blork the orc
  4861 | D:6      | Found a staircase to the Ecumenical Temple.
  4868 | Temple   | Entered the Ecumenical Temple
  4948 | D:6      | Reached skill level 4 in Dodging
  5111 | D:6      | Reached * piety under Ashenzari
  5150 | D:6      | Found a burning altar of Makhleb.
  5185 | D:6      | Reached XP level 9. HP: 28/54 MP: 6/14
  5413 | D:6      | Found an ancient bone altar of Kikubaaqudgha.
  5887 | D:6      | Reached skill level 10 in Long Blades
  6278 | D:7      | Noticed Chiseanne's ghost (novice DsWn)
  6304 | D:7      | Killed Chiseanne's ghost
  6304 | D:7      | Reached skill level 5 in Dodging
  6656 | D:8      | Noticed Nordron's ghost (novice OpTm)
  6660 | D:8      | Found a staircase to the Lair.
  6665 | D:8      | Killed Nordron's ghost
  6821 | D:8      | Reached skill level 6 in Dodging
  6821 | D:8      | Reached XP level 10. HP: 51/60 MP: 18/18
  6892 | D:8      | Found a sand-covered staircase.
  6902 | Ossuary  | Entered an ossuary
  7223 | Ossuary  | Noticed Menkaure
  7245 | Ossuary  | Killed Menkaure
  7336 | D:8      | Reached skill level 5 in Spellcasting
  7502 | D:8      | Reached ** piety under Ashenzari
  7565 | D:8      | Found a radiant altar of Vehumet.
  7705 | D:8      | Learned a level 1 spell: Shock
  7708 | Lair:1   | Entered Level 1 of the Lair of Beasts
  7713 | Lair:1   | Learned a level 2 spell: Swiftness
  7716 | Lair:1   | Learned a level 2 spell: Repel Missiles
  7894 | Lair:1   | Noticed a spiny frog
  7920 | Lair:1   | Killed a spiny frog
  7989 | Lair:1   | Reached skill level 1 in Air Magic
  7992 | Lair:1   | Reached skill level 1 in Conjurations
  8088 | Lair:1   | Noticed Gastronok
  8212 | Lair:1   | Noticed Sonja
  8227 | Lair:1   | Killed Sonja
  8314 | Lair:1   | Noticed Joseph
  8335 | Lair:1   | Killed Joseph
  8335 | Lair:1   | Reached skill level 7 in Dodging
  8396 | Lair:1   | Noticed a spiny frog
  8511 | Lair:1   | Reached XP level 11. HP: 55/64 MP: 18/21
  8738 | Lair:1   | Killed Gastronok
  8738 | Lair:1   | Reached skill level 10 in Charms
  8745 | Lair:1   | Learned a level 5 spell: Lightning Bolt
  8860 | Lair:1   | Reached skill level 8 in Dodging
  8881 | Lair:1   | Reached skill level 5 in Air Magic
  9155 | Lair:2   | Found a staircase to the Swamp.
  9179 | Lair:2   | Reached skill level 5 in Conjurations
  9433 | Lair:2   | Noticed a five-headed hydra
  9603 | Lair:2   | Reached *** piety under Ashenzari
 10204 | Lair:3   | Reached skill level 9 in Dodging
 10524 | Lair:3   | Reached XP level 12. HP: 17/70 MP: 16/23
 10773 | Lair:3   | Noticed Snorg
 10789 | Lair:3   | Killed Snorg
 10975 | Lair:3   | Noticed a five-headed hydra
 11001 | Lair:3   | Killed a six-headed hydra
 11001 | Lair:3   | Reached skill level 10 in Dodging
 11412 | Lair:4   | Noticed a four-headed hydra
 11819 | Lair:4   | Found a staircase to the Snake Pit.
 11993 | Lair:4   | Killed a four-headed hydra
 12253 | Lair:4   | Found a snail-covered altar of Cheibriados.
 12608 | Lair:5   | Found a viscous altar of Jiyva.
 12608 | Lair:5   | Found a staircase to the Slime Pits.
 12645 | Lair:5   | Found a labyrinth entrance.
 12654 | Lab      | Entered a labyrinth
 12658 | Lab      | Reached **** piety under Ashenzari
 13167 | Lab      | Noticed a minotaur
 13188 | Lab      | Killed a minotaur
 13293 | Lair:5   | Noticed Rupert
 13615 | Lair:5   | Reached skill level 11 in Dodging
 13966 | Lair:6   | Entered Level 6 of the Lair of Beasts
 14049 | Lair:6   | Reached skill level 10 in Air Magic
 14057 | Lair:6   | Reached XP level 13. HP: 80/81 MP: 20/24
 14236 | Lair:6   | Reached skill level 5 in Fighting
 14593 | Lair:6   | Reached skill level 10 in Conjurations
 14727 | Lair:6   | Noticed a fire dragon
 14744 | Lair:6   | Killed a fire dragon
 14893 | Lair:6   | Reached skill level 12 in Dodging
 15499 | Lair:6   | Reached skill level 13 in Dodging
 15958 | Lair:6   | Reached XP level 14. HP: 91/97 MP: 20/25
 16494 | D:9      | Identified the +10 rapier of Immorality {elec, *Corrode rElec rPois}
 17033 | D:9      | Reached ***** piety under Ashenzari
 17072 | D:9      | Noticed Psyche
 17078 | D:9      | Killed Psyche
 17120 | D:10     | Entered Level 10 of the Dungeon
 17683 | D:10     | Noticed Grum
 17695 | D:10     | Killed Grum
 17759 | D:10     | Reached skill level 1 in Shields
 18555 | D:11     | Noticed Urug
 18566 | D:11     | Killed Urug
 18738 | D:12     | Found a staircase to the Orcish Mines.
 18761 | D:12     | Reached skill level 14 in Dodging
 19013 | D:12     | Reached skill level 10 in Fighting
 19403 | Orc:1    | Entered Level 1 of the Orcish Mines
 19499 | Orc:1    | Reached skill level 5 in Shields
 19526 | Orc:1    | Found Zodghap's Food Emporium.
 19798 | Orc:1    | Noticed Josephine
 19820 | Orc:1    | Killed Josephine
 19997 | Orc:2    | Entered Level 2 of the Orcish Mines
 20061 | Orc:2    | Found a staircase to the Elven Halls.
 20503 | Orc:2    | Found Elihaiceyt's Food Shoppe.
 20503 | Orc:2    | Found Tushrenug's Food Shoppe.
 20515 | Orc:2    | Found Xoluofuo's Jewellery Emporium.
 20521 | Orc:2    | Found Zophusel's Magic Scroll Emporium.
 20885 | Orc:2    | Identified a scroll of acquirement
 20969 | Orc:2    | Bought a scroll of brand weapon for 320 gold pieces
 20983 | Orc:2    | Bought the ring of the Mage {Wiz MR++ Int+3} for 620 gold pieces
 20986 | Orc:2    | Bought an uncursed ring of poison resistance for 240 gold pieces
 21259 | Lair:2   | Learned a level 5 spell: Silence
 21382 | D:13     | Noticed Nessos
 21404 | D:13     | Killed Nessos
 21792 | D:13     | Got the uncursed chain mail of the Many Deaths {MR- Str+6 Slay+4}
 21833 | D:13     | Reached ****** piety under Ashenzari
 22188 | D:13     | Identified the +5 chain mail of the Many Deaths {MR- Str+6 Slay+4} (You found it on level 13 of the Dungeon)
 22222 | D:14     | Reached skill level 1 in Armour
 22258 | D:14     | Reached XP level 15. HP: 103/103 MP: 20/26
 22727 | D:14     | Identified the ring of Feorosh {*Corrode rElec rF+ Stlth+}
 22808 | D:14     | Found a gate to the Vaults.
 22835 | D:14     | Reached skill level 5 in Armour
 23034 | D:15     | Entered Level 15 of the Dungeon
 23685 | D:9      | Reached skill level 10 in Shields
 24300 | D:15     | Found a staircase to the Depths.
 24769 | Snake:1  | Entered Level 1 of the Snake Pit
 25215 | Snake:1  | Reached XP level 16. HP: 109/109 MP: 25/27
 25564 | Snake:2  | Reached skill level 10 in Armour
 26261 | Snake:3  | HP: 4/109 [something (3)]
 26266 | Snake:3  | HP: 5/109 [poisoned by a black mamba]
 26846 | Snake:3  | Identified the Disquisition on Venom and Protection
 26997 | Snake:4  | Entered Level 4 of the Snake Pit
 27316 | Snake:4  | Noticed Aizul
 27327 | Snake:4  | Killed Aizul
 27832 | Snake:4  | Identified the cursed +2 morningstar of Distant Shores {vamp, *Slow rPois rN+ Int+2}
 27918 | Snake:4  | Reached XP level 17. HP: 113/115 MP: 28/28
 28412 | Snake:4  | Got a serpentine rune of Zot
 28626 | Snake:4  | Reached skill level 5 in Hexes
 28891 | Orc:2    | Bought a scroll of fog for 32 gold pieces
 28891 | Orc:2    | Bought a scroll of acquirement for 832 gold pieces
 28891 | Orc:2    | Bought a scroll of blinking for 120 gold pieces
 28892 | Orc:2    | Identified the cursed +0 cloak of the Thirteen Nights {rC+ rCorr Int+4 Slay-6} (You acquired it on level 2 of the Orcish Mines)
 28920 | Elf:1    | Entered Level 1 of the Elven Halls
 30027 | Elf:1    | Killed from afar by a deep elf death mage

Skill      XL: |  1  2  3  4  5  6  7  8  9 10 11 12 13 14 15 16 17 |
---------------+----------------------------------------------------+-----
Charms         | 4 5 7 8 9 10 | 10.0
Long Blades    | 3 4 5 6 7 9 11 12 | 12.0
Translocations | 1 2 3 |  3.2
Hexes          | 1 2 3 5 |  5.5
Necromancy     | 1 2 4 |  4.6
Dodging        | 2 4 6 7 9 11 13 14 | 14.7
Stealth        | 1 2 |  2.4
Spellcasting   | 4 6 7 |  7.0
Air Magic      | 3 7 10 | 10.0
Conjurations   | 3 6 9 10 | 10.0
Fighting       | 4 9 10 11 | 11.1
Shields        | 8 10 12 | 12.7
Armour         | 1 9 12 | 12.7

Action                   |  1- 3 |  4- 6 |  7- 9 | 10-12 | 13-15 | 16-18 || total
-------------------------+-------+-------+-------+-------+-------+-------++-------
Melee: Falchion          |    87 |   157 |   156 |     4 |       |       ||   404
       Long sword        |       |       |   149 |   733 |   966 |       ||  1848
       Double sword      |       |       |       |       |   379 |   536 ||   915
Throw: Javelin           |     2 |     1 |     9 |     5 |     2 |       ||    19
 Cast: Infusion          |    21 |    18 |    19 |     3 |     1 |       ||    62
       Shroud of Golubri |       |    11 |    34 |    71 |    92 |    40 ||   248
       Spectral Weapon   |       |     2 |    12 |    67 |    92 |    43 ||   216
       Regeneration      |       |       |    18 |    50 |    71 |    47 ||   186
       Repel Missiles    |       |       |       |     2 |     4 |     5 ||    11
       Shock             |       |       |       |    11 |       |       ||    11
       Lightning Bolt    |       |       |       |    25 |    27 |     8 ||    60
       Swiftness         |       |       |       |     3 |     1 |       ||     4
Invok: Curse Item        |       |       |     3 |     1 |     2 |       ||     6
       Scrying           |       |       |       |     1 |       |       ||     1
Evoke: Wand              |       |       |       |       |     1 |       ||     1
  Use: Scroll            |       |    11 |     3 |    18 |    18 |     5 ||    55
       Potion            |       |       |       |     4 |       |     3 ||     7
 Stab: Sleeping          |     1 |     2 |     3 |     4 |     9 |       ||    19
       Distracted        |       |       |     1 |     8 |    20 |     6 ||    35
  Eat: Chunk             |     3 |     7 |    17 |    33 |    43 |    13 ||   116
       Pizza             |       |       |       |     3 |       |     1 ||     4
       Fruit             |       |       |       |     1 |     9 |     7 ||    17
Armor: Leather armour    |    18 |    26 |    41 |    15 |       |       ||   100
       Robe              |       |       |       |    95 |    87 |       ||   182
       Chain mail        |       |       |       |       |    92 |   107 ||   199
Dodge: Dodged            |    45 |    91 |   208 |   593 |   960 |   212 ||  2109
       Deflected         |       |       |       |     1 |    31 |    50 ||    82
Block: Shield            |       |       |       |       |   230 |   292 ||   522
       Rpst.: Falchion   |    20 |    26 |    30 |     1 |       |       ||    77
       Long sword        |       |       |    31 |   148 |   185 |       ||   364
       Double sword      |       |       |       |       |    30 |    45 ||    75
